 Dungeon Crawl Stone Soup version 0.23.0 (webtiles) character file.

Game seed: 8969641101529806133

295 Yuikono the Grave Robber (level 6, -4/41 HPs)
             Began as a Vampire Necromancer on Feb 12, 2019.
             Slain by a bullfrog skeleton (5 damage)
             ... on level 5 of the Dungeon.
             The game lasted 00:17:54 (4805 turns).

Yuikono the Grave Robber (Vampire Necromancer)      Turns: 4805, Time: 00:17:55

Health: -4/41      AC:  3    Str:  7    XL:     6   Next: 11%
Magic:  3/12       EV: 13    Int: 19    God:
Gold:   276        SH:  0    Dex: 15    Spells: 5/13 levels left

rFire    . . .     SeeInvis +   i - +0 short sword
rCold    + + .     Gourm    +   (no shield)
rNeg     + + +     Faith    .   a - +0 robe
rPois    ∞         Spirit   .   k - +0 helmet
rElec    .         Reflect  .   (no cloak)
rCorr    .         Harm     .   (no gloves)
MR       +....                  (no boots)
Stlth    +++++.....             q - amulet of the gourmand
HPRegen  0.00/turn              B - ring of protection from magic
MPRegen  0.13/turn              (no ring)

@: bloodless, non-regenerating
A: rotting body, fangs 3, see invisible, unbreathing
a: Bat Form


You were on level 5 of the Dungeon.
You were bloodless.

You visited 1 branch of the dungeon, and saw 5 of its levels.

You collected 276 gold pieces.

Inventory:

Hand Weapons
 i - a +0 short sword (weapon)
 t - a +0 hunting sling
 v - a +0 blowgun
Missiles
 b - 57 bolts
 e - 57 stones
 h - 122 arrows
 j - 8 javelins
 w - 12 poisoned needles
 A - a poisoned tomahawk (quivered)
Armour
 a - a +0 robe (worn)
 k - a +0 helmet (worn)
Magical Staves
 u - an uncursed staff of wizardry
 D - an uncursed staff of fire
Jewellery
 q - an amulet of the gourmand (around neck)
 B - a ring of protection from magic (left hand)
 E - a cursed amulet of magic regeneration {unknown}
Wands
 x - a wand of scattershot (6)
 y - a wand of acid (11)
Scrolls
 g - 3 scrolls of fog {unknown}
 l - a scroll of amnesia {unknown}
 o - 2 scrolls of remove curse {unknown}
 p - a scroll of identify {unknown}
Potions
 c - 11 potions of blood
 d - 2 potions of degeneration {unknown}
 n - a potion of agility {unknown}
 r - a potion of heal wounds {unknown}
 z - a potion of curing {unknown}
 C - a potion of ambrosia {unknown}


   Skills:
 - Level 2.1 Dodging
 + Level 4.5 Stealth
 + Level 4.0 Spellcasting
 + Level 1.1 Charms
 + Level 6.2 Necromancy


You had 5 spell levels left.
You knew the following spells:

 Your Spells              Type           Power        Failure   Level  Hunger
a - Pain                  Necr           ####         1%          1    None
b - Animate Skeleton      Necr           N/A          1%          1    None
c - Vampiric Draining     Necr           ####......   3%          3    ###....
d - Regeneration          Chrm/Necr      ###.......   9%          3    ###....

Your spell library contained the following spells:

 Spells                   Type           Power        Failure   Level  Hunger
 Animate Dead             Necr           N/A          11%         4    ####...


Dungeon Overview and Level Annotations

Branches:
Dungeon (5/15)
 Temple: D:4-7

Altars:
Ashenzari
Hepliaklqana
Makhleb
Qazlal
Ru
Sif Muna
Trog
Wu Jian
Xom

Annotations:
D:2 Sigmund


Innate Abilities, Weirdness & Mutations

Your body is rotting away.
You thrive on raw meat.
You do not heal naturally.
You are immune to poison.
You have razor-sharp teeth.
You have supernaturally acute eyesight. (SInv)
You can survive without breathing.


Message History

The bullfrog skeleton hits you.
The bullfrog skeleton closely misses you.
You hit the bullfrog skeleton. You bite the bullfrog skeleton.
The bullfrog skeleton is moderately damaged.
The bullfrog skeleton hits you.
* * * LOW HITPOINT WARNING * * *
The bullfrog skeleton hits you.
* * * LOW HITPOINT WARNING * * *
Okay, then.
Okay, then.
The bullfrog skeleton hits you.
* * * LOW HITPOINT WARNING * * *
As you read the scroll labeled BEURUDI ZIASIA, it crumbles to dust.
The creatures around you are filled with an inner flame!
It was a scroll of immolation.
The bullfrog skeleton hits you.
* * * LOW HITPOINT WARNING * * *
As you read the scroll labeled CIHADE XIUL, it crumbles to dust.
You feel aware of your surroundings.
You sensed 2 altars.
It was a scroll of magic mapping.
The bullfrog skeleton hits you.
You die...

*,,,,,,*#.#...#.#,* *
*,,,,,,*#.##..#.#,* *
**,,.,,,*#.....#.#,* *
,,,,....######.#.#.# ##
,,*+*#.......†...#.# #.
,,*,*##########.##.# #.
,,,,,,,,*,,,* #.##.#
###########.
,,,,***,*,*,* #.Z#.#
#...%.......
,*,,,,*,*,*,* ##@#.#
#.##########
,,,,,,,,*<*,* #...# #.#
,,,,*,*,,**.#####..# #)#
**,,,,,,,,.........# #.#
,,,,*,,,,*#.#####.>###.#
,,..#,,,,,..........##.#
,*#.#,,*......#.....##.#
,,#.#,,,............##.#
*,#.#,,*....#..........#


You could see a bullfrog skeleton (inner flame).

Vanquished Creatures
  2 howler monkeys
  A hound (D:4)
  An iguana (D:5)
  A worker ant (D:5)
  A hound skeleton (D:4)
  5 adders
  3 worms (D:2)
  2 dart slugs (D:2)
  4 leopard geckos
  6 orcs (D:4)
  A ball python (D:3)
  3 bats (D:1)
  2 giant cockroaches (D:4)
  3 goblins (D:2)
  6 hobgoblins
  4 jackals (D:4)
  11 kobolds
  2 quokkas
  7 frilled lizards
  A quokka skeleton (D:5)
  5 rats
71 creatures vanquished.

Notes
Turn   | Place    | Note
-------+----------+-------------------------------------------
     0 | D:1      | Yuikono the Vampire Necromancer began the quest for the
                  | Orb.
     0 | D:1      | Reached XP level 1. HP: 13/13 MP: 3/3
   328 | D:1      | Reached XP level 2. HP: 7/19 MP: 3/5
   539 | D:1      | Learned a level 1 spell: Animate Skeleton
  1191 | D:2      | Found a burning altar of Makhleb.
  1490 | D:2      | Reached skill level 5 in Necromancy
  1490 | D:2      | Reached XP level 3. HP: 7/24 MP: 5/7
  1522 | D:2      | Learned a level 3 spell: Vampiric Draining
  1615 | D:2      | Found a stormy altar of Qazlal.
  1918 | D:2      | Found a sacrificial altar of Ru.
  1918 | D:2      | Found an ornate altar of the Wu Jian Council.
  1920 | D:2      | Found a hazy altar of Hepliaklqana.
  2303 | D:2      | Reached XP level 4. HP: 14/30 MP: 8/8
  2837 | D:2      | Noticed Sigmund
  2850 | D:2      | Learned a level 3 spell: Regeneration
  3290 | D:3      | Found a shattered altar of Ashenzari.
  3303 | D:3      | Found a shimmering altar of Xom.
  3440 | D:3      | Found a bloodstained altar of Trog.
  3871 | D:4      | Found a deep blue altar of Sif Muna.
  3968 | D:4      | Noticed an ogre
  3969 | D:4      | Reached XP level 5. HP: 10/35 MP: 0/10
  4143 | D:4      | Reached skill level 6 in Necromancy
  4607 | D:5      | Entered Level 5 of the Dungeon
  4768 | D:5      | Reached XP level 6. HP: 29/41 MP: 1/12
  4788 | D:5      | Reached skill level 1 in Charms
  4804 | D:5      | HP: 1/41 [bullfrog skeleton (3)]
  4805 | D:5      | Slain by a bullfrog skeleton

Skill      XL: |  1  2  3  4  5  6 |
---------------+-------------------+-----
Necromancy     | 5 6 |  6.2
Spellcasting   | 3 4 |  4.0
Stealth        | 4 |  4.5
Charms         | 1 |  1.1
Dodging        | |  2.1

Action                   |  1- 3 |  4- 6 || total
-------------------------+-------+-------++-------
Melee: Unarmed           |    31 |       ||    31
       Short sword       |    69 |    24 ||    93
       Bite              |     7 |     8 ||    15
       Staff             |       |    97 ||    97
 Fire: Hunting sling     |       |    28 ||    28
Throw: Stone             |     4 |    13 ||    17
       Tomahawk          |       |     4 ||     4
 Cast: Pain              |    42 |    27 ||    69
       Vampiric Draining |     2 |    20 ||    22
       Regeneration      |       |     9 ||     9
  Use: Potion            |     6 |     2 ||     8
       Scroll            |       |     2 ||     2
 Stab: Sleeping          |     8 |     5 ||    13
Armor: Robe              |    17 |    22 ||    39
Dodge: Dodged            |    71 |   103 ||   174
